 Dungeon Crawl Stone Soup version 0.17.1-2-g5865329 (webtiles) character file.

112 Lysie the Ducker (level 4, 0/21 HPs)
             Began as a Spriggan Enchanter on Feb 1, 2016.
             Killed from afar by Sigmund (9 damage)
             ... with a magic dart
             ... on level 2 of the Dungeon.
             The game lasted 00:04:46 (2330 turns).

Lysie the Ducker (Spriggan Enchanter)               Turns: 2330, Time: 00:04:46

Health: 0/21       AC:  3    Str:  5    XL:     4   Next: 64%
Magic:  8/9        EV: 20    Int: 16    God:
Gold:   74         SH:  0    Dex: 16    Spells: 3 memorised, 2 levels left

rFire  . . .     SeeInvis +     a - +1 dagger
rCold  . . .     Clarity  .     b - +1 robe
rNeg   . . .     SustAt   .     (shield restricted)
rPois  .         Gourm    .     (helmet restricted)
rElec  .         Spirit   .     (no cloak)
rCorr  .         Warding  .     (gloves unavailable)
rMut   .         Stasis   .     (boots unavailable)
MR     .....                    (no amulet)
Stlth  +++.......               (no ring)
                                (no ring)

@: very quick, not resistant to hostile enchantments, fairly stealthy
A: unfitting armour, see invisible, herbivore 3, speed 3, slow metabolism 2
a: no special abilities


You were on level 2 of the Dungeon.
You were hungry.

You visited 1 branch of the dungeon, and saw 3 of its levels.

You collected 74 gold pieces.

Inventory:

Hand Weapons
 a - a +1 dagger (weapon)
 h - a +1 hunting sling of evasion
Missiles
 i - 99 stones (quivered)
 k - 9 silver sling bullets
Armour
 b - a +1 robe (worn)
Scrolls
 f - 3 scrolls of teleportation {unknown}
 g - 2 scrolls of remove curse {unknown}
 j - a scroll of magic mapping {unknown}
Potions
 e - 2 potions of curing {unknown}
Books
 c - a book of Maledictions

   Spells                             Type                      Level
   a - Corona                         Hexes                        1
   b - Ensorcelled Hibernation        Hexes/Ice                    2
   c - Confuse                        Hexes                        3
   d - Tukima's Dance                 Hexes                        3
   e - Dazzling Spray                 Conjuration/Hexes            3
Comestibles
 d - a bread ration


   Skills:
 * Level 3.8 Short Blades
 + Level 5.1 Dodging
 - Level 4.4 Stealth
 - Level 2.6 Spellcasting
 - Level 3.6 Hexes


You had 2 spell levels left.
You knew the following spells:

 Your Spells              Type           Power        Failure   Level  Hunger
a - Corona                Hex            ##.....      6%          1    #......
b - Ensorcelled Hibernat  Hex/Ice        #.....       17%         2    ##.....
c - Dazzling Spray        Conj/Hex       #.......     34%         3    ###....


Dungeon Overview and Level Annotations

Branches:
Dungeon (3/15)

Altars:

Annotations:
D:2 Sigmund


Innate Abilities, Weirdness & Mutations

You are tiny and cannot use many weapons and most armour.
You have supernaturally acute eyesight.
You are a herbivore.
You cover ground extremely quickly.
You need consume almost no food.


Message History

Confirm with . or Enter, or press ? or * to list all spells.
You don't know that spell.
Unknown command.
Sigmund casts a spell at you.
You are confused.
Found 26 sling bullets.
You bump into the rock wall.
An adder comes into view.
You bump into the rock wall.
You bump into the rock wall.
Sigmund points at you and mumbles some strange words.
You easily resist.
You bump into the rock wall.
You feel less confused. The adder completely misses you.
Sigmund closely misses you.
You see here a rat corpse.
Sigmund casts a spell at you. The magic dart hits you!
You die...

#######################
..............@..>....#
#########.#######.###.#
#.# #...@.....#
###@###......##.#
#...@..S.....# ..
#.#............. ...
#.#..........### [...
#.#..........# #....
#.#########>.# .....
#.# #..# ..... ... #..#


You could see Sigmund and an adder.

Vanquished Creatures
  4 gnolls (D:2)
  4 adders
  2 worms (D:2)
  A bat (D:1)
  2 giant cockroaches
  4 goblins
  5 hobgoblins (D:1)
  5 kobolds
  A giant newt (D:1)
  6 rats
34 creatures vanquished.

Notes
Turn   | Place    | Note
--------------------------------------------------------------
     0 | D:1      | Lysie the Spriggan Enchanter began the quest for the Orb.
     0 | D:1      | Reached XP level 1. HP: 9/9 MP: 5/5
   353 | D:1      | Reached XP level 2. HP: 13/13 MP: 6/6
   361 | D:1      | Learned a level 2 spell: Ensorcelled Hibernation
   914 | D:2      | Reached XP level 3. HP: 8/16 MP: 2/8
  1767 | D:2      | Reached XP level 4. HP: 21/21 MP: 9/9
  1932 | D:2      | Reached skill level 5 in Dodging
  1973 | D:2      | Learned a level 3 spell: Dazzling Spray
  2261 | D:2      | Noticed Sigmund
  2330 | D:2      | Killed from afar by Sigmund

Action                   |  1- 3 |  4- 6 || total
-------------------------+-------+-------++-------
Melee: Dagger            |    76 |    26 ||   102
 Fire: Hunting sling     |     9 |    20 ||    29
 Cast: Ensorcelled Hiber |    15 |     2 ||    17
 Stab: Sleeping          |    12 |       ||    12
